cohdb
Replays
Latest Replays
All Replays
Popular Replays
Top Player Replays
Match Explorer
How It Works
Community
CoH3 Stats
Reddit
Sign in to upload your games and track your stats! →
Sign in with Steam
Match 46628854
Unlisted
Match 46628854
Overview
Messages
Build Orders
End
Construct Infanterie Kompanie
MG 42 Machine Gun Team
Grenadier Squad
Grenadier Squad
GrW 34 Mortar Team
Construct Panzergrenadier Kompanie
251 Medium Carrier
Panzergrenadier Squad
Panzergrenadier Officer Quarters
Selects Mechanized Battlegroup
Selects Mobile Repair Stations
Pak 40 Anti-tank Gun Team
Construct Panzer Kompanie
Selects Raid Package
Selects 8 Rad Armored Car
Selects UNKNOWN (2160084)
Panther Heavy Tank
Panzer Officer Quarters
Panzer IV Medium Tank
Panzer IV Medium Tank
Gernhardt Reinlunzen
Stalker
Vida
Calm
Gratia197
『BlackBear』
熊猫Real tiger
Agent-S
0
0
Comments
sign in to comment!
No comments posted yet!